Stars vs Senateurs
Created - November 9, 2025 at 07:23
Goals
|
| Stars |
2 |
0 |
0 |
0 |
2 |
| Senateurs |
0 |
1 |
1 |
1 |
3 |
|
Shots
|
| Stars |
11 |
12 |
3 |
1 |
27 |
| Senateurs |
11 |
10 |
3 |
1 |
25 |
|
1st period
1. Stars , Andrej Sustr 1 (Jake Guentzel 1) at 2:52 (PP)
2. Stars , Henrik Borgstrom 1 (Andrej Sustr 1) at 15:35
Penalties :
Jared Cowen (Ott) for Tripping (Minor) at 2:41
2nd period
3. Senateurs , Nick Bjugstad 1 (Alex Iafallo 1) at 4:45
Penalties :
Paul Ladue (Dal) for Tripping (Minor) at 15:12, Henrik Borgstrom (Dal) for Slashing (Minor) at 18:14
3rd period
4. Senateurs , Riley Sheahan 1 (Brendan Perlini 1, Eric Gelinas 1) at 3:39
Penalties :
Anton Cederholm (Dal) for Tripping (Minor) at 3:58, Brendan Perlini (Ott) for Slashing (Double Minor) at 7:03, Jared Cowen (Ott) for Holding (Minor) at 17:49
Overtime #1
5. Senateurs , Nick Bjugstad 2 (Alex Iafallo 2, Jake Gardiner 1) at 0:40
Penalties :
No Penalty
Goalie Stats
Matt Murray (Dal), 22 saves from 25 shots - (0.880), OTL, 0-0-1, 60:40 minutes
Mikko Koskinen (Ott), 25 saves from 27 shots - (0.926), W, 1-0-0, 60:40 minutes
Players Stats for Stars
Player Name G A P +/- PIM S H SB GA TA FO MP PP MP PK MP
------------------------------------------------------------------------------------
Alex Chiasson 0 0 0 -1 0 3 1 0 1 0 1/2 18:17 3:04 0:00
Andrej Sustr 1 1 2 0 0 2 1 1 3 1 0/0 29:09 3:23 4:17
Anton Cederholm 0 0 0 -1 2 0 2 2 0 0 0/0 13:17 0:42 1:31
Ben Chiarot 0 0 0 -1 0 2 2 2 0 0 0/0 19:45 2:04 1:40
Cam Atkinson 0 0 0 1 0 1 1 0 2 0 0/1 12:15 0:40 0:00
Daniel O'regan 0 0 0 0 0 0 1 0 0 0 0/1 9:23 0:16 0:50
Evgeny Grachev 0 0 0 -1 0 3 1 2 0 2 4/11 16:14 2:25 1:21
Guillaume Latendresse 0 0 0 -1 0 1 1 0 0 0 0/0 17:05 2:25 2:11
Henrik Borgstrom 1 0 1 1 2 5 1 0 0 0 5/6 11:32 0:00 0:00
Jake Guentzel 0 1 1 -2 0 3 0 0 0 1 2/3 22:52 3:04 3:46
Jamie Benn 0 0 0 1 0 1 2 1 0 0 0/0 12:28 0:48 0:06
Michael Grabner 0 0 0 -1 0 2 0 0 2 0 0/0 15:05 2:25 0:00
Paul Ladue 0 0 0 1 2 2 0 0 0 0 0/0 27:21 3:23 2:46
Scott Kosmachuck 0 0 0 0 0 0 0 0 0 0 0/0 8:17 0:00 0:00
Sidney Crosby 0 0 0 -2 0 2 3 1 1 0 17/27 22:45 3:03 3:40
Tobias Rieder 0 0 0 0 0 0 3 0 1 0 0/0 8:44 0:17 0:00
Tyler Wotherspoon 0 0 0 -1 0 0 0 0 0 0 0/0 19:45 2:04 1:40
Wiley Sherman 0 0 0 -1 0 0 1 1 0 0 0/0 11:46 0:42 0:00
Players Stats for Senateurs
Player Name G A P +/- PIM S H SB GA TA FO MP PP MP PK MP
------------------------------------------------------------------------------------
Alex Iafallo 0 2 2 2 0 3 1 2 0 1 1/2 20:57 3:23 2:53
Anton Lindholm 0 0 0 1 0 1 0 1 0 1 0/0 20:06 1:31 3:24
Brendan Perlini 0 1 1 1 4 1 0 0 1 0 0/0 10:29 0:06 0:17
Brendan Smith 0 0 0 0 0 0 3 0 0 0 0/0 14:57 0:00 0:57
Chris Bigras 0 0 0 0 0 0 0 0 0 0 0/0 14:58 0:00 0:19
Christoph Bertschy 0 0 0 1 0 0 2 0 0 0 0/4 10:49 0:00 1:00
Eric Gelinas 0 1 1 1 0 0 2 0 0 2 0/0 19:32 1:31 2:54
Jake Gardiner 0 1 1 0 0 1 1 1 0 2 0/0 26:44 4:26 2:56
Jared Cowen 0 0 0 1 4 0 3 0 1 0 0/0 24:47 4:26 1:57
Jesse Puljujarvi 0 0 0 1 0 0 0 1 0 1 0/1 17:56 3:29 0:00
Jordan Martinook 0 0 0 -1 0 3 1 1 1 1 1/2 17:39 2:28 1:52
Mark McNeill 0 0 0 0 0 1 1 0 0 1 0/0 10:27 0:00 0:00
Nick Bjugstad 2 0 2 2 0 5 0 2 1 0 12/29 21:04 3:23 3:00
Quinton Howden 0 0 0 -1 0 2 1 1 0 1 7/11 17:13 2:28 1:27
Radek Faksa 0 0 0 0 0 2 0 0 0 0 1/2 10:27 0:00 0:00
Richard Panik 0 0 0 -1 0 2 1 0 0 0 0/0 15:23 2:28 0:00
Riley Sheahan 1 0 1 1 0 2 1 0 0 0 0/0 9:49 0:00 0:00
Zachary Sanford 0 0 0 0 0 2 3 0 0 0 0/0 12:31 0:06 1:40
3 Stars
1 - Nick Bjugstad (Ott)
2 - Alex Iafallo (Ott)
3 - Andrej Sustr (Dal)
Power Play
Stars - 1 on 4 Attempt(s) - 25.00%
Senateurs - 0 on 3 Attempt(s) - 0.00%
Penalty Kill
Stars - 3 on 3 Attempt(s) - 100.00%
- Score 0 goal in Penalty Kill
Senateurs - 3 on 4 Attempt(s) - 75.00%
- Score 0 goal in Penalty Kill
Team Stat
Stars - Hits : 20 - Faceoff Wins : 29 - Blocked Shots : 10 - Penalty Minutes : 6
Senateurs - Hits : 20 - Faceoff Wins : 22 - Blocked Shots : 9 - Penalty Minutes : 8
Official
Referees : Eric Furlatt and Reid Anderson
Linesman : Pierre Racicot and Tyson Baker
Game Notes
No Game Note
Finance
Level 1 -- Attendance: 6000 (100.00%) -- Ticket Income $600,000
Level 2 -- Attendance: 4677 (93.54%) -- Ticket Income $327,390
Level 3 -- Attendance: 2000 (100.00%) -- Ticket Income $80,000
Level 4 -- Attendance: 4000 (100.00%) -- Ticket Income $120,000
Luxury Box -- Attendance: 1000 (100.00%) -- Ticket Income $200,000
Game was played at the Centre Canadian Tire.
Total Attendance: 17677 (98.21%)
Total Ticket Income: $1,327,390
Other Income: $199,108
Total Income: $1,526,498
Stars
5 vs 5 Forward
Center Left Wing Right Wing Time % Phy DF OF
1 Sidney Crosby Jake Guentzel Alex Chiasson 40 1 2 2
2 Evgeny Grachev Guillaume Latendresse Michael Grabner 30 1 2 2
3 Henrik Borgstrom Jamie Benn Cam Atkinson 20 1 2 2
4 Daniel O'regan Tobias Rieder Scott Kosmachuck 10 1 2 2
5 vs 5 Defense
Defense Defense Time % Phy DF OF
1 Andrej Sustr Paul Ladue 40 1 2 2
2 Ben Chiarot Tyler Wotherspoon 30 1 2 2
3 Anton Cederholm Wiley Sherman 20 1 2 2
4 Andrej Sustr Paul Ladue 10 1 2 2
PowerPlay Forward
Center Left Wing Right Wing Time % Phy DF OF
1 Sidney Crosby Jake Guentzel Alex Chiasson 60 0 2 3
2 Evgeny Grachev Guillaume Latendresse Michael Grabner 40 0 2 3
PowerPlay Defense
Defense Defense Time % Phy DF OF
1 Andrej Sustr Paul Ladue 60 1 2 2
2 Ben Chiarot Tyler Wotherspoon 40 1 2 2
Penalty Kill 4 Players Forward
Center Wing Time % Phy DF OF
1 Sidney Crosby Jake Guentzel 60 1 2 2
2 Evgeny Grachev Guillaume Latendresse 40 1 2 2
Penalty Kill 4 Players Defense
Defense Defense Time % Phy DF OF
1 Andrej Sustr Paul Ladue 60 0 3 2
2 Ben Chiarot Tyler Wotherspoon 40 0 3 2
Penalty Kill - 3 Players Forward
Forward Time % Phy DF OF
1 Sidney Crosby 60 1 2 2
2 Evgeny Grachev 40 1 2 2
Penalty Kill - 3 Players Defense
Defense Defense Time % Phy DF OF
1 Andrej Sustr Paul Ladue 60 0 3 2
2 Ben Chiarot Tyler Wotherspoon 40 0 3 2
4 vs 4 Forward
Center Wing Time % Phy DF OF
1 Sidney Crosby Jake Guentzel 60 0 2 3
2 Evgeny Grachev Guillaume Latendresse 40 0 2 3
4 vs 4 Defense
Defense Defense Time % Phy DF OF
1 Andrej Sustr Paul Ladue 60 1 2 2
2 Ben Chiarot Tyler Wotherspoon 40 1 2 2
Last Minutes Offensive
Center Left Wing Right Wing Defense Defense
Sidney Crosby Jake Guentzel Alex Chiasson Andrej Sustr Paul Ladue
Last Minutes Defensive
Center Left Wing Right Wing Defense Defense
Sidney Crosby Jake Guentzel Alex Chiasson Andrej Sustr Paul Ladue
Goaltenders
Starting : Matt Murray
Backup : Michael Houser
Extra Forwards
Normal : Guillaume Latendresse, Jamie Benn, Tobias Rieder - PP : Guillaume Latendresse, Jamie Benn - PK : Guillaume Latendresse
Extra Defensemen
Normal : Tyler Wotherspoon, Anton Cederholm, Wiley Sherman - PP : Tyler Wotherspoon - PK : Tyler Wotherspoon, Anton Cederholm
Penalty Shots
Jake Guentzel, Sidney Crosby, Alex Chiasson, Michael Grabner, Guillaume Latendresse
Custom OT Lines Forwards
Jake Guentzel, Sidney Crosby, Alex Chiasson, Michael Grabner, Guillaume Latendresse, Jamie Benn, Tobias Rieder, Evgeny Grachev, Cam Atkinson, Scott Kosmachuck
Custom OT Lines Defensemen
Andrej Sustr, Paul Ladue, Ben Chiarot, Tyler Wotherspoon, Anton Cederholm
Scratches
Adam Tambellini (Healthy), Evgeny Kuznetsov (Healthy), Christopher Tanev (Healthy)
Senateurs
5 vs 5 Forward
Center Left Wing Right Wing Time % Phy DF OF
1 Nick Bjugstad Alex Iafallo Jesse Puljujarvi 40 0 2 3
2 Quinton Howden Jordan Martinook Richard Panik 30 1 2 2
3 Radek Faksa Zachary Sanford Mark McNeill 20 0 2 3
4 Christoph Bertschy Brendan Perlini Riley Sheahan 10 1 2 2
5 vs 5 Defense
Defense Defense Time % Phy DF OF
1 Jake Gardiner Jared Cowen 40 0 2 3
2 Eric Gelinas Anton Lindholm 30 1 2 2
3 Brendan Smith Chris Bigras 20 0 2 3
4 Jake Gardiner Jared Cowen 10 1 2 2
PowerPlay Forward
Center Left Wing Right Wing Time % Phy DF OF
1 Nick Bjugstad Alex Iafallo Jesse Puljujarvi 60 0 1 4
2 Quinton Howden Jordan Martinook Richard Panik 40 0 2 3
PowerPlay Defense
Defense Defense Time % Phy DF OF
1 Jake Gardiner Jared Cowen 60 0 2 3
2 Eric Gelinas Anton Lindholm 40 0 2 3
Penalty Kill 4 Players Forward
Center Wing Time % Phy DF OF
1 Nick Bjugstad Alex Iafallo 60 1 3 1
2 Quinton Howden Jordan Martinook 40 1 3 1
Penalty Kill 4 Players Defense
Defense Defense Time % Phy DF OF
1 Jake Gardiner Jared Cowen 60 1 3 1
2 Eric Gelinas Anton Lindholm 40 1 3 1
Penalty Kill - 3 Players Forward
Forward Time % Phy DF OF
1 Nick Bjugstad 60 1 3 1
2 Quinton Howden 40 1 3 1
Penalty Kill - 3 Players Defense
Defense Defense Time % Phy DF OF
1 Jake Gardiner Jared Cowen 60 1 3 1
2 Eric Gelinas Anton Lindholm 40 1 3 1
4 vs 4 Forward
Center Wing Time % Phy DF OF
1 Nick Bjugstad Alex Iafallo 60 1 2 2
2 Quinton Howden Jordan Martinook 40 1 2 2
4 vs 4 Defense
Defense Defense Time % Phy DF OF
1 Jake Gardiner Jared Cowen 60 1 2 2
2 Eric Gelinas Anton Lindholm 40 1 2 2
Last Minutes Offensive
Center Left Wing Right Wing Defense Defense
Nick Bjugstad Alex Iafallo Jesse Puljujarvi Jake Gardiner Jared Cowen
Last Minutes Defensive
Center Left Wing Right Wing Defense Defense
Nick Bjugstad Alex Iafallo Jesse Puljujarvi Jake Gardiner Jared Cowen
Goaltenders
Starting : Mikko Koskinen
Backup : Martin Jones
Extra Forwards
Normal : Zachary Sanford, Quinton Howden, Richard Panik - PP : Zachary Sanford, Quinton Howden - PK : Zachary Sanford
Extra Defensemen
Normal : Anton Lindholm, Brendan Smith, Chris Bigras - PP : Anton Lindholm - PK : Anton Lindholm, Brendan Smith
Penalty Shots
Nick Bjugstad, Alex Iafallo, Christoph Bertschy, Brendan Perlini, Zachary Sanford
Custom OT Lines Forwards
Nick Bjugstad, Alex Iafallo, Jordan Martinook, Jesse Puljujarvi, Zachary Sanford, Quinton Howden, Richard Panik, Riley Sheahan, Mark McNeill, Brendan Perlini
Custom OT Lines Defensemen
Jake Gardiner, Jared Cowen, Eric Gelinas, Anton Lindholm, Brendan Smith
Scratches
Dennis Everberg (Healthy), Jeremy Morin (Healthy), Artem Zub (Healthy)
% Time on Ice - Stars
Lines # - Real PCT - Wanted PCT - Time Play
Normal Forward
1 - 33% - 40% - 15:44
2 - 26% - 30% - 12:28
3 - 24% - 20% - 11:25
4 - 17% - 10% - 8:17
Normal Defense
1 - 38% - 40% - 18:17
2 - 33% - 30% - 16:01
3 - 23% - 20% - 11:04
4 - 5% - 10% - 2:32
PP Forward
1 - 61% - 60% - 3:44
2 - 39% - 40% - 2:25
PP Defense
1 - 66% - 60% - 4:05
2 - 34% - 40% - 2:04
PK Forward
1 - 77% - 60% - 4:36
2 - 23% - 40% - 1:21
PK Defense
1 - 72% - 60% - 4:17
2 - 28% - 40% - 1:40
PK3 Forward
1 - 0% - 60%
2 - 0% - 40%
PK3 Defense
1 - 0% - 60%
2 - 0% - 40%
44 Forward
1 - 0% - 60%
2 - 0% - 40%
44 Defense
1 - 0% - 60%
2 - 0% - 40%
Last Minute Offensive - 0:00
Last Minute Defensive - 0:00
Total
Forward - 60:00
Defense - 60:00
|
% Time on Ice - Senateurs
Lines # - Real PCT - Wanted PCT - Time Play
Normal Forward
1 - 30% - 40% - 14:32
2 - 27% - 30% - 13:06
3 - 22% - 20% - 10:27
4 - 20% - 10% - 9:49
Normal Defense
1 - 35% - 40% - 16:54
2 - 31% - 30% - 14:52
3 - 28% - 20% - 13:39
4 - 5% - 10% - 2:29
PP Forward
1 - 59% - 60% - 3:29
2 - 41% - 40% - 2:28
PP Defense
1 - 75% - 60% - 4:26
2 - 25% - 40% - 1:31
PK Forward
1 - 78% - 60% - 4:48
2 - 22% - 40% - 1:21
PK Defense
1 - 53% - 60% - 3:15
2 - 47% - 40% - 2:54
PK3 Forward
1 - 0% - 60%
2 - 0% - 40%
PK3 Defense
1 - 0% - 60%
2 - 0% - 40%
44 Forward
1 - 0% - 60%
2 - 0% - 40%
44 Defense
1 - 0% - 60%
2 - 0% - 40%
Last Minute Offensive - 0:00
Last Minute Defensive - 0:00
Total
Forward - 60:00
Defense - 60:00
|
Play-by-Play
1st period
0:01 of 1st period - Jake Guentzel wins face-off versus Alex Iafallo in neutral zone.
0:28 of 1st period - Slapshot by Evgeny Grachev.
0:28 of 1st period - Stopped by Mikko Koskinen with a rebound.
0:30 of 1st period - Snap shot by Michael Grabner.
0:30 of 1st period - Stopped by Mikko Koskinen with a rebound.
0:32 of 1st period - Slapshot by Paul Ladue.
0:32 of 1st period - Stopped by Mikko Koskinen without a rebound.
0:33 of 1st period - Quinton Howden wins face-off versus Henrik Borgstrom in Senateurs zone.
0:46 of 1st period - Slapshot by Richard Panik.
0:46 of 1st period - Stopped by Matt Murray without a rebound.
0:47 of 1st period - Radek Faksa wins face-off versus Daniel O'regan in Stars zone.
1:12 of 1st period - Anton Cederholm is hit by Riley Sheahan and loses puck.
1:41 of 1st period - Jesse Puljujarvi is hit by Sidney Crosby and loses puck.
2:41 of 1st period - Minor Penalty to Jared Cowen for Tripping.
2:42 of 1st period - Nick Bjugstad wins face-off versus Alex Chiasson in Senateurs zone.
2:50 of 1st period - Slapshot by Jake Guentzel.
2:50 of 1st period - Stopped by Mikko Koskinen with a rebound.
2:52 of 1st period - Slapshot by Andrej Sustr.
2:52 of 1st period - Goal by Andrej Sustr - Stars : 1 - Senateurs : 0.
2:53 of 1st period - Sidney Crosby wins face-off versus Nick Bjugstad in neutral zone.
2:56 of 1st period - Snap shot by Jake Guentzel.
2:56 of 1st period - Stopped by Mikko Koskinen with a rebound.
3:04 of 1st period - Wrist shot by Alex Iafallo.
3:04 of 1st period - Deflect By Jesse Puljujarvi.
3:04 of 1st period - Shot Misses the Net.
3:04 of 1st period - Puck is out of play.
3:05 of 1st period - Sidney Crosby wins face-off versus Nick Bjugstad in Stars zone.
3:16 of 1st period - Snap shot by Sidney Crosby.
3:16 of 1st period - Shot Misses the Net.
3:18 of 1st period - Slapshot by Andrej Sustr.
3:18 of 1st period - Stopped by Mikko Koskinen with a rebound.
3:39 of 1st period - Wrist shot by Quinton Howden.
3:39 of 1st period - Stopped by Matt Murray with a rebound.
5:37 of 1st period - Snap shot by Radek Faksa.
5:37 of 1st period - Shot Misses the Net.
6:45 of 1st period - Backhand shot by Radek Faksa.
6:45 of 1st period - Shot Blocked by Wiley Sherman.
6:47 of 1st period - Slapshot by Anton Lindholm.
6:47 of 1st period - Shot Misses the Net.
6:49 of 1st period - Wrist shot by Radek Faksa.
6:49 of 1st period - Shot Blocked by Anton Cederholm.
7:03 of 1st period - Snap shot by Jordan Martinook.
7:03 of 1st period - Stopped by Matt Murray without a rebound.
7:04 of 1st period - Sidney Crosby wins face-off versus Quinton Howden in Stars zone.
7:09 of 1st period - Jake Gardiner is hit by Ben Chiarot and loses puck.
7:20 of 1st period - Richard Panik is hit by Ben Chiarot and loses puck.
8:02 of 1st period - Wrist shot by Radek Faksa.
8:02 of 1st period - Shot Misses the Net.
8:04 of 1st period - Wrist shot by Mark McNeill.
8:04 of 1st period - Stopped by Matt Murray with a rebound.
8:06 of 1st period - Slapshot by Jake Gardiner.
8:06 of 1st period - Stopped by Matt Murray with a rebound.
8:42 of 1st period - Wrist shot by Quinton Howden.
8:42 of 1st period - Shot Misses the Net.
8:44 of 1st period - Wrist shot by Richard Panik.
8:44 of 1st period - Shot Blocked by Anton Cederholm.
8:46 of 1st period - Snap shot by Quinton Howden.
8:46 of 1st period - Stopped by Matt Murray without a rebound.
8:47 of 1st period - Nick Bjugstad wins face-off versus Evgeny Grachev in Stars zone.
9:12 of 1st period - Alex Chiasson is hit by Brendan Smith and loses puck.
9:44 of 1st period - Zachary Sanford is hit by Tobias Rieder.
9:48 of 1st period - Snap shot by Zachary Sanford.
9:48 of 1st period - Stopped by Matt Murray with a rebound.
10:01 of 1st period - Icing by Anton Cederholm.
10:02 of 1st period - Evgeny Grachev wins face-off versus Nick Bjugstad in Stars zone.
10:33 of 1st period - Slapshot by Andrej Sustr.
10:33 of 1st period - Deflect By Sidney Crosby.
10:33 of 1st period - Stopped by Mikko Koskinen with a rebound.
12:21 of 1st period - Henrik Borgstrom is hit by Brendan Smith and loses puck.
12:32 of 1st period - Brendan Perlini is hit by Anton Cederholm and loses puck.
12:43 of 1st period - Slapshot by Sidney Crosby.
12:43 of 1st period - Shot Misses the Net.
12:45 of 1st period - Snap shot by Wiley Sherman.
12:45 of 1st period - Shot Misses the Net.
13:09 of 1st period - Snap shot by Brendan Perlini.
13:09 of 1st period - Stopped by Matt Murray without a rebound.
13:10 of 1st period - Nick Bjugstad wins face-off versus Sidney Crosby in Stars zone.
13:19 of 1st period - Snap shot by Alex Iafallo.
13:19 of 1st period - Stopped by Matt Murray without a rebound.
13:20 of 1st period - Nick Bjugstad wins face-off versus Sidney Crosby in Stars zone.
13:49 of 1st period - Snap shot by Jake Guentzel.
13:49 of 1st period - Shot Blocked by Anton Lindholm.
13:54 of 1st period - Icing by Anton Lindholm.
13:55 of 1st period - Nick Bjugstad wins face-off versus Evgeny Grachev in Senateurs zone.
14:08 of 1st period - Wrist shot by Michael Grabner.
14:08 of 1st period - Shot Misses the Net.
14:10 of 1st period - Snap shot by Michael Grabner.
14:10 of 1st period - Stopped by Mikko Koskinen without a rebound.
14:11 of 1st period - Henrik Borgstrom wins face-off versus Quinton Howden in Senateurs zone.
14:19 of 1st period - Icing by Jared Cowen.
14:20 of 1st period - Henrik Borgstrom wins face-off versus Quinton Howden in Senateurs zone.
14:47 of 1st period - Snap shot by Quinton Howden.
14:47 of 1st period - Shot Blocked by Jamie Benn.
15:35 of 1st period - Snap shot by Henrik Borgstrom.
15:35 of 1st period - Goal by Henrik Borgstrom - Stars : 2 - Senateurs : 0.
15:36 of 1st period - Sidney Crosby wins face-off versus Nick Bjugstad in neutral zone.
16:03 of 1st period - Tyler Wotherspoon is hit by Mark McNeill and loses puck.
16:08 of 1st period - Wrist shot by Radek Faksa.
16:08 of 1st period - Stopped by Matt Murray with a rebound.
16:13 of 1st period - Off-side.
16:14 of 1st period - Sidney Crosby wins face-off versus Radek Faksa in neutral zone.
17:04 of 1st period - Slapshot by Paul Ladue.
17:04 of 1st period - Shot Blocked by Jordan Martinook.
17:56 of 1st period - Wrist shot by Sidney Crosby.
17:56 of 1st period - Shot Misses the Net.
18:12 of 1st period - Snap shot by Nick Bjugstad.
18:12 of 1st period - Shot Blocked by Evgeny Grachev.
18:16 of 1st period - Snap shot by Alex Iafallo.
18:16 of 1st period - Shot Misses the Net.
18:20 of 1st period - Snap shot by Alex Iafallo.
18:20 of 1st period - Stopped by Matt Murray without a rebound.
18:21 of 1st period - Quinton Howden wins face-off versus Sidney Crosby in Stars zone.
18:32 of 1st period - Snap shot by Sidney Crosby.
18:32 of 1st period - Shot Misses the Net.
18:50 of 1st period - Snap shot by Henrik Borgstrom.
18:50 of 1st period - Shot Misses the Net.
19:02 of 1st period - Snap shot by Henrik Borgstrom.
19:02 of 1st period - Stopped by Mikko Koskinen with a rebound.
19:59 of 1st period - Riley Sheahan is hit by Daniel O'regan.
Goals for this period are 2 for Stars vs 0 for Senateurs.
Shots for this period are 11 for Stars vs 11 for Senateurs.
2nd period
0:01 of 2nd period - Sidney Crosby wins face-off versus Nick Bjugstad in neutral zone.
0:27 of 2nd period - Evgeny Grachev is hit by Jared Cowen and loses puck.
0:38 of 2nd period - Wrist shot by Zachary Sanford.
0:38 of 2nd period - Stopped by Matt Murray with a rebound.
0:40 of 2nd period - Snap shot by Radek Faksa.
0:40 of 2nd period - Stopped by Matt Murray with a rebound.
1:02 of 2nd period - Wrist shot by Cam Atkinson.
1:02 of 2nd period - Shot Blocked by Quinton Howden.
2:22 of 2nd period - Snap shot by Henrik Borgstrom.
2:22 of 2nd period - Stopped by Mikko Koskinen with a rebound.
3:10 of 2nd period - Slapshot by Alex Chiasson.
3:10 of 2nd period - Stopped by Mikko Koskinen without a rebound.
3:11 of 2nd period - Quinton Howden wins face-off versus Evgeny Grachev in Senateurs zone.
3:18 of 2nd period - Snap shot by Jordan Martinook.
3:18 of 2nd period - Stopped by Matt Murray with a rebound.
4:11 of 2nd period - Mark McNeill is hit by Tobias Rieder and loses puck.
4:40 of 2nd period - Icing by Sidney Crosby.
4:41 of 2nd period - Sidney Crosby wins face-off versus Nick Bjugstad in Stars zone.
4:43 of 2nd period - Icing by Jake Guentzel.
4:44 of 2nd period - Nick Bjugstad wins face-off versus Evgeny Grachev in Stars zone.
4:45 of 2nd period - Wrist shot by Alex Iafallo.
4:45 of 2nd period - Deflect By Nick Bjugstad.
4:45 of 2nd period - Goal by Nick Bjugstad - Stars : 2 - Senateurs : 1.
4:46 of 2nd period - Alex Chiasson wins face-off versus Nick Bjugstad in neutral zone.
4:55 of 2nd period - Wrist shot by Jake Guentzel.
4:55 of 2nd period - Shot Blocked by Jake Gardiner.
4:57 of 2nd period - Wrist shot by Jake Guentzel.
4:57 of 2nd period - Shot Blocked by Alex Iafallo.
4:59 of 2nd period - Wrist shot by Jake Guentzel.
4:59 of 2nd period - Stopped by Mikko Koskinen without a rebound.
5:00 of 2nd period - Nick Bjugstad wins face-off versus Sidney Crosby in Senateurs zone.
5:31 of 2nd period - Snap shot by Henrik Borgstrom.
5:31 of 2nd period - Stopped by Mikko Koskinen without a rebound.
5:32 of 2nd period - Quinton Howden wins face-off versus Cam Atkinson in Senateurs zone.
5:32 of 2nd period - Quinton Howden is hit by Jamie Benn.
5:41 of 2nd period - Wrist shot by Cam Atkinson.
5:41 of 2nd period - Stopped by Mikko Koskinen without a rebound.
5:42 of 2nd period - Jake Guentzel wins face-off versus Quinton Howden in Senateurs zone.
5:45 of 2nd period - Wrist shot by Sidney Crosby.
5:45 of 2nd period - Stopped by Mikko Koskinen with a rebound.
5:47 of 2nd period - Wrist shot by Jake Guentzel.
5:47 of 2nd period - Shot Misses the Net.
5:49 of 2nd period - Slapshot by Ben Chiarot.
5:49 of 2nd period - Shot Hit the Post.
5:51 of 2nd period - Slapshot by Ben Chiarot.
5:51 of 2nd period - Stopped by Mikko Koskinen without a rebound.
5:52 of 2nd period - Nick Bjugstad wins face-off versus Sidney Crosby in Senateurs zone.
6:07 of 2nd period - Alex Iafallo is hit by Alex Chiasson and loses puck.
6:14 of 2nd period - Snap shot by Jake Guentzel.
6:14 of 2nd period - Deflect By Sidney Crosby.
6:14 of 2nd period - Shot Blocked by Nick Bjugstad.
6:14 of 2nd period - Puck is out of play.
6:15 of 2nd period - Evgeny Grachev wins face-off versus Jordan Martinook in Senateurs zone.
6:24 of 2nd period - Snap shot by Jordan Martinook.
6:24 of 2nd period - Stopped by Matt Murray without a rebound.
6:25 of 2nd period - Quinton Howden wins face-off versus Evgeny Grachev in Stars zone.
6:28 of 2nd period - Snap shot by Jordan Martinook.
6:28 of 2nd period - Shot Misses the Net.
7:12 of 2nd period - Slapshot by Paul Ladue.
7:12 of 2nd period - Stopped by Mikko Koskinen without a rebound.
7:13 of 2nd period - Sidney Crosby wins face-off versus Nick Bjugstad in Senateurs zone.
7:48 of 2nd period - Wrist shot by Radek Faksa.
7:48 of 2nd period - Shot Blocked by Ben Chiarot.
7:50 of 2nd period - Wrist shot by Radek Faksa.
7:50 of 2nd period - Shot Misses the Net.
8:44 of 2nd period - Off-side.
8:45 of 2nd period - Jordan Martinook wins face-off versus Evgeny Grachev in neutral zone.
8:59 of 2nd period - Backhand shot by Quinton Howden.
8:59 of 2nd period - Shot Misses the Net.
9:01 of 2nd period - Slapshot by Jared Cowen.
9:01 of 2nd period - Shot Misses the Net.
9:11 of 2nd period - Jared Cowen is hit by Jamie Benn and loses puck.
10:03 of 2nd period - Snap shot by Anton Lindholm.
10:03 of 2nd period - Stopped by Matt Murray with a rebound.
10:13 of 2nd period - Paul Ladue is hit by Jordan Martinook and loses puck.
11:36 of 2nd period - Snap shot by Evgeny Grachev.
11:36 of 2nd period - Shot Misses the Net.
11:38 of 2nd period - Snap shot by Ben Chiarot.
11:38 of 2nd period - Stopped by Mikko Koskinen with a rebound.
11:56 of 2nd period - Anton Lindholm is hit by Cam Atkinson and loses puck.
12:41 of 2nd period - Wrist shot by Michael Grabner.
12:41 of 2nd period - Shot Misses the Net.
12:43 of 2nd period - Snap shot by Wiley Sherman.
12:43 of 2nd period - Deflect By Evgeny Grachev.
12:43 of 2nd period - Stopped by Mikko Koskinen without a rebound.
12:44 of 2nd period - Evgeny Grachev wins face-off versus Nick Bjugstad in Senateurs zone.
12:48 of 2nd period - Icing by Chris Bigras.
12:49 of 2nd period - Nick Bjugstad wins face-off versus Sidney Crosby in Senateurs zone.
12:49 of 2nd period - Nick Bjugstad is hit by Sidney Crosby.
12:57 of 2nd period - Snap shot by Nick Bjugstad.
12:57 of 2nd period - Shot Misses the Net.
14:08 of 2nd period - Slapshot by Alex Iafallo.
14:08 of 2nd period - Shot Blocked by Ben Chiarot.
14:20 of 2nd period - Snap shot by Alex Chiasson.
14:20 of 2nd period - Stopped by Mikko Koskinen with a rebound.
14:25 of 2nd period - Off-side.
14:26 of 2nd period - Nick Bjugstad wins face-off versus Sidney Crosby in neutral zone.
14:37 of 2nd period - Snap shot by Nick Bjugstad.
14:37 of 2nd period - Stopped by Matt Murray with a rebound.
14:39 of 2nd period - Snap shot by Nick Bjugstad.
14:39 of 2nd period - Shot Blocked by Andrej Sustr.
14:53 of 2nd period - Paul Ladue is hit by Zachary Sanford and loses puck.
15:12 of 2nd period - Minor Penalty to Paul Ladue for Tripping.
15:13 of 2nd period - Sidney Crosby wins face-off versus Nick Bjugstad in Stars zone.
15:22 of 2nd period - Snap shot by Jake Guentzel.
15:22 of 2nd period - Deflect By Sidney Crosby.
15:22 of 2nd period - Shot Misses the Net.
15:22 of 2nd period - Puck is out of play.
15:23 of 2nd period - Sidney Crosby wins face-off versus Nick Bjugstad in Senateurs zone.
15:30 of 2nd period - Anton Cederholm is hit by Alex Iafallo and loses puck.
16:19 of 2nd period - Slapshot by Nick Bjugstad.
16:19 of 2nd period - Stopped by Matt Murray with a rebound.
16:21 of 2nd period - Snap shot by Nick Bjugstad.
16:21 of 2nd period - Deflect By Sidney Crosby.
16:21 of 2nd period - Stopped by Matt Murray without a rebound.
16:22 of 2nd period - Quinton Howden wins face-off versus Evgeny Grachev in Stars zone.
16:47 of 2nd period - Eric Gelinas is hit by Guillaume Latendresse and loses puck.
17:12 of 2nd period - Penalty to Paul Ladue is over, Paul Ladue is back on ice.
17:24 of 2nd period - Jake Guentzel is hit by Zachary Sanford and loses puck.
17:43 of 2nd period - Snap shot by Christoph Bertschy.
17:43 of 2nd period - Shot Misses the Net.
17:45 of 2nd period - Wrist shot by Riley Sheahan.
17:45 of 2nd period - Stopped by Matt Murray without a rebound.
17:46 of 2nd period - Henrik Borgstrom wins face-off versus Christoph Bertschy in Stars zone.
17:51 of 2nd period - Wiley Sherman is hit by Christoph Bertschy and loses puck.
18:04 of 2nd period - Snap shot by Henrik Borgstrom.
18:04 of 2nd period - Stopped by Mikko Koskinen with a rebound.
18:14 of 2nd period - Minor Penalty to Henrik Borgstrom for Slashing.
18:15 of 2nd period - Sidney Crosby wins face-off versus Jesse Puljujarvi in Stars zone.
18:28 of 2nd period - Andrej Sustr is hit by Jared Cowen and loses puck.
19:26 of 2nd period - Paul Ladue is hit by Jared Cowen and loses puck.
Goals for this period are 0 for Stars vs 1 for Senateurs.
Shots for this period are 12 for Stars vs 10 for Senateurs.
3rd period
0:01 of 3rd period - Nick Bjugstad wins face-off versus Sidney Crosby in neutral zone.
0:14 of 3rd period - Penalty to Henrik Borgstrom is over, Henrik Borgstrom is back on ice.
0:17 of 3rd period - Wrist shot by Alex Iafallo.
0:17 of 3rd period - Stopped by Matt Murray with a rebound.
0:49 of 3rd period - Andrej Sustr is hit by Zachary Sanford and loses puck.
1:05 of 3rd period - Icing by Andrej Sustr.
1:06 of 3rd period - Henrik Borgstrom wins face-off versus Christoph Bertschy in Stars zone.
1:44 of 3rd period - Wrist shot by Nick Bjugstad.
1:44 of 3rd period - Shot Blocked by Evgeny Grachev.
2:44 of 3rd period - Slapshot by Sidney Crosby.
2:44 of 3rd period - Shot Blocked by Jesse Puljujarvi.
3:21 of 3rd period - Icing by Anton Lindholm.
3:22 of 3rd period - Evgeny Grachev wins face-off versus Christoph Bertschy in Senateurs zone.
3:39 of 3rd period - Wrist shot by Riley Sheahan.
3:39 of 3rd period - Goal by Riley Sheahan - Stars : 2 - Senateurs : 2.
3:40 of 3rd period - Sidney Crosby wins face-off versus Nick Bjugstad in neutral zone.
3:58 of 3rd period - Minor Penalty to Anton Cederholm for Tripping.
3:59 of 3rd period - Sidney Crosby wins face-off versus Nick Bjugstad in Stars zone.
4:40 of 3rd period - Wrist shot by Evgeny Grachev.
4:40 of 3rd period - Stopped by Mikko Koskinen with a rebound.
4:43 of 3rd period - Icing by Jared Cowen.
4:44 of 3rd period - Quinton Howden wins face-off versus Jake Guentzel in Senateurs zone.
5:24 of 3rd period - Slapshot by Richard Panik.
5:24 of 3rd period - Stopped by Matt Murray without a rebound.
5:25 of 3rd period - Sidney Crosby wins face-off versus Nick Bjugstad in Stars zone.
5:58 of 3rd period - Penalty to Anton Cederholm is over, Anton Cederholm is back on ice.
6:21 of 3rd period - Icing by Zachary Sanford.
6:22 of 3rd period - Henrik Borgstrom wins face-off versus Christoph Bertschy in Senateurs zone.
6:23 of 3rd period - Wrist shot by Jamie Benn.
6:23 of 3rd period - Stopped by Mikko Koskinen with a rebound.
6:41 of 3rd period - Christoph Bertschy is hit by Henrik Borgstrom and loses puck.
7:03 of 3rd period - Double Minor Penalty to Brendan Perlini for Slashing.
7:04 of 3rd period - Sidney Crosby wins face-off versus Nick Bjugstad in Senateurs zone.
7:38 of 3rd period - Wrist shot by Evgeny Grachev.
7:38 of 3rd period - Shot Blocked by Nick Bjugstad.
7:40 of 3rd period - Wrist shot by Guillaume Latendresse.
7:40 of 3rd period - Stopped by Mikko Koskinen without a rebound.
7:41 of 3rd period - Sidney Crosby wins face-off versus Nick Bjugstad in Senateurs zone.
8:34 of 3rd period - Sidney Crosby is hit by Quinton Howden and loses puck.
9:07 of 3rd period - Ben Chiarot is hit by Christoph Bertschy and loses puck.
9:41 of 3rd period - Evgeny Grachev is hit by Jake Gardiner and loses puck.
11:03 of 3rd period - Penalty to Brendan Perlini is over, Brendan Perlini is back on ice.
12:45 of 3rd period - Riley Sheahan is hit by Wiley Sherman and loses puck.
13:03 of 3rd period - Alex Iafallo is hit by Tobias Rieder and loses puck.
13:32 of 3rd period - Paul Ladue is hit by Richard Panik and loses puck.
14:12 of 3rd period - Tyler Wotherspoon is hit by Brendan Smith and loses puck.
14:51 of 3rd period - Jake Guentzel is hit by Eric Gelinas and loses puck.
15:10 of 3rd period - Jordan Martinook is hit by Evgeny Grachev and loses puck.
15:29 of 3rd period - Alex Iafallo is hit by Andrej Sustr and loses puck.
15:34 of 3rd period - Snap shot by Scott Kosmachuck.
15:34 of 3rd period - Shot Blocked by Alex Iafallo.
15:50 of 3rd period - Jamie Benn is hit by Eric Gelinas and loses puck.
17:13 of 3rd period - Chris Bigras is hit by Anton Cederholm and loses puck.
17:49 of 3rd period - Minor Penalty to Jared Cowen for Holding.
17:50 of 3rd period - Alex Iafallo wins face-off versus Sidney Crosby in Senateurs zone.
17:50 of 3rd period - Alex Iafallo is hit by Sidney Crosby.
18:00 of 3rd period - Slapshot by Paul Ladue.
18:00 of 3rd period - Shot Misses the Net.
19:49 of 3rd period - Penalty to Jared Cowen is over, Jared Cowen is back on ice.
Goals for this period are 0 for Stars vs 1 for Senateurs.
Shots for this period are 3 for Stars vs 3 for Senateurs.
Overtime #1
0:01 of 1st overtime period - Sidney Crosby wins face-off versus Nick Bjugstad in neutral zone.
0:16 of 1st overtime period - Snap shot by Alex Iafallo.
0:16 of 1st overtime period - Shot Blocked by Sidney Crosby.
0:32 of 1st overtime period - Wrist shot by Alex Chiasson.
0:32 of 1st overtime period - Stopped by Mikko Koskinen without a rebound.
0:33 of 1st overtime period - Nick Bjugstad wins face-off versus Sidney Crosby in Senateurs zone.
0:40 of 1st overtime period - Snap shot by Nick Bjugstad.
0:40 of 1st overtime period - Goal by Nick Bjugstad - Stars : 2 - Senateurs : 3.
Goals for this period are 0 for Stars vs 1 for Senateurs.
Shots for this period are 1 for Stars vs 1 for Senateurs.